 Dungeon Crawl Stone Soup version 0.25-a0-302-g9f758675c1 (webtiles) character file.

Game seed: 7997773592932759310, levelgen mode: deterministic

102 mopl the Skirmisher (level 4, -2/52 HPs)
             Began as an Ogre Gladiator on Dec 20, 2019.
             Slain by a goblin
             ... wielding a +0 club
             ... led by Robin
              (4 damage)
             ... on level 3 of the Dungeon.
             The game lasted 00:02:57 (3188 turns).

mopl the Skirmisher (Ogre Gladiator)                Turns: 3188, Time: 00:02:57

Health: -2/52      AC:  5    Str: 18    XL:     4   Next: 77%
Magic:  4/4        EV: 10    Int:  9    God:
Gold:   181        SH:  0    Dex: 11    Spells: 3/3 levels left

rFire    . . .     SeeInvis .   a - +0 flail
rCold    . . .     Gourm    .   (no shield)
rNeg     . . .     Faith    .   b - +0 robe
rPois    .         Spirit   .   c - +0 hat
rElec    .         Reflect  .   (no cloak)
rCorr    .         Harm     .   (gloves unavailable)
MR       .....                  (boots unavailable)
Stlth    +.........             (no amulet)
HPRegen  0.17/turn              (no ring)
MPRegen  0.09/turn              (no ring)

@: no status effects
A: large, unfitting armour, slimy green scales 1, blurry vision 2, robust 1,
tough skin 1
a: no special abilities


You were on level 3 of the Dungeon.
You were not hungry.

You visited 1 branch of the dungeon, and saw 3 of its levels.

You collected 181 gold pieces.

Inventory:

Hand Weapons
 a - a +0 flail (weapon)
Missiles
 d - 3 throwing nets (quivered)
Armour
 b - a +0 robe (worn)
 c - a +0 hat (worn)
Scrolls
 h - 3 scrolls of teleportation {unknown}
 i - a scroll of remove curse {unknown}
 k - a scroll of blinking
 o - a scroll of fear {unknown}
Potions
 e - a potion of agility
 g - a potion of curing
 m - a potion of haste {unknown}
 n - a potion of heal wounds {unknown}
 p - a potion of mutation {!q}
Comestibles
 f - 6 rations
 j - 2 chunks of flesh


   Skills:
 + Level 3.9 Fighting
 * Level 3.9 Maces & Flails
 + Level 2.9 Throwing
 - Level 2.6 Dodging


You had 3 spell levels left.
You didn't know any spells.
Your spell library was empty.

Dungeon Overview and Level Annotations

Branches:
Dungeon (3/15)

Altars:
Sif Muna

Annotations:
D:3 Robin


Innate Abilities, Weirdness & Mutations

You are too large for most types of armour.
You have tough skin. (AC +1)
You are partially covered in slimy green scales. (AC +2)
Scrolls take you longer to read.
You are robust. (+10% HP)


Message History

The goblin hits you but does no damage. The goblin barely misses you.
The hound bites you but does no damage. The goblin hits you with a +0 club.
* * * LOW HITPOINT WARNING * * *
Items here: )) †† a +0 club x2; a goblin corpse x2
The goblin completely misses you. The hound bites you.
* * * LOW HITPOINT WARNING * * *
There is an open door here.
Robin roars a battlecry!
The goblins go into a battle-frenzy!
The hound pauses to sniff the ground.
You aren't carrying any items that you can evoke.
Unknown command.
It was a potion of mutation.
You feel extremely strange.
Your vision blurs. x2
Slimy green scales grow over part of your body.
You feel robust. The goblin hits you with a +0 club.
You die...

.#####.############# #. #.#
# #. ###.####### # #.
#.......... # #.#####
#.......... # ......#
#.)††...... # ...g.g#######
#..........
..†..K#...sg#####..........
...g()'...S.ghgg@..........
.#..gg#.....#####..........
#...g#.....# #..........
#....####### #..........
#....# #......... #.....
######### #...... ####
####...# .... ##.#


You could see a hound, a giant cockroach, 4 goblins and a ball python.

Vanquished Creatures
  A gnoll (D:3)
  3 adders
  An ooze (D:1)
  5 leopard geckos
  An orc (D:3)
  A ball python (D:1)
  A giant cockroach (D:3)
  6 goblins
  9 hobgoblins
  3 jackals (D:2)
  3 quokkas (D:2)
  4 bats
  4 frilled lizards
  8 kobolds
  4 rats
54 creatures vanquished.

Notes
Turn   | Place    | Note
-------+----------+-------------------------------------------
     0 | D:1      | mopl the Ogre Gladiator began the quest for the Orb.
     0 | D:1      | Reached XP level 1. HP: 22/22 MP: 1/1
   609 | D:1      | Reached skill level 3 in Fighting
   609 | D:1      | Reached skill level 3 in Maces & Flails
   609 | D:1      | Reached XP level 2. HP: 24/31 MP: 2/2
   852 | D:1      | Reached XP level 3. HP: 27/37 MP: 3/3
  1837 | D:2      | Found a shimmering blue altar of Sif Muna.
  2298 | D:3      | Reached XP level 4. HP: 42/48 MP: 4/4
  3169 | D:3      | Noticed Robin
  3177 | D:3      | HP: 1/48 [hound (3)]
  3188 | D:3      | Gained mutation: Scrolls take you a little longer to read.
                  | [potion of mutation]
  3188 | D:3      | Gained mutation: Scrolls take you longer to read. [potion
                  | of mutation]
  3188 | D:3      | Gained mutation: You are partially covered in slimy green
                  | scales. (AC +2) [potion of mutation]
  3188 | D:3      | Gained mutation: You are robust. (+10% HP) [potion of
                  | mutation]
  3188 | D:3      | Slain by a goblin

Levels and vault maps discovered:
D:1:      wheals_arrival_shading, layout_rooms
D:2:      layout_basic, lemuel_crystal_altar, first_ration, nrook_mini_backslash
D:3:      minmay_door_path, layout_basic, uniq_robin, uniq_sigmund,
          uniq_crazy_yiuf_cottage

Skill      XL: |  1 |
---------------+----+-----
Fighting       | 3 |  3.9
Maces & Flails | 3 |  3.9
Throwing       | |  2.9
Dodging        | |  2.6

Action                   |  1- 3 |  4- 6 || total
-------------------------+-------+-------++-------
Melee: Flail             |   153 |    46 ||   199
  Use: Scroll            |     4 |       ||     4
       Potion            |       |     1 ||     1
 Stab: Distracted        |     1 |       ||     1
       Sleeping          |       |     1 ||     1
  Eat: Chunk             |     4 |     3 ||     7
Armor: Robe              |    50 |    18 ||    68
Dodge: Dodged            |    90 |    38 ||   128

Table legend:
 A = Non-vault XP
 B = Vault XP
 C = Vault XP percentage of total XP
 D = Non-vault monster count
 E = Vault monster count
 F = Vault count percentage of total count
                 A         B        C        D         E       F
            +---------+---------+-------+---------+---------+-------
      Total |     142 |       4 |   2.7 |      52 |       2 |   3.7
            +---------+---------+-------+---------+---------+-------
        D:1 |      37 |       0 |   0.0 |      19 |       0 |   0.0
        D:2 |      44 |       0 |   0.0 |      20 |       0 |   0.0
        D:3 |      61 |       4 |   6.2 |      13 |       2 |  13.3
            +---------+---------+-------+---------+---------+-------
